 Dungeon Crawl Stone Soup version 0.28-a0-938-gbc3f381ebc (webtiles) character file.

Game seed: 8068393316277795310

1505 blank1 the Fighter (level 8, -1/82 HPs)
             Began as a Gargoyle Fighter on Nov 28, 2021.
             Slain by a manticore (6 damage)
             ... on level 6 of the Dungeon.
             The game lasted 00:12:37 (5475 turns).

blank1 the Fighter (Gargoyle Fighter)               Turns: 5475, Time: 00:12:38

Health: -1/82      AC: 20    Str: 21    XL:     8   Next: 82%
Magic:  8/8        EV:  7    Int:  9    God:
Gold:   233        SH:  4    Dex: 10    Spells: 7/7 levels left

rFire   . . .      SeeInvis .   d - +9 club
rCold   . . .      Faith    .   c - +0 buckler
rNeg    + . .      Spirit   .   o - +0 plate armour
rPois   ∞          Reflect  .   j - +0 helmet
rElec   +          Harm     .   (no cloak)
rCorr   .          Rampage  .   (no gloves)
Will    .....                   x - +0 pair of boots
Stlth   ..........              (no amulet)
HPRegen 0.23/turn               (no ring)
MPRegen 0.11/turn               (no ring)

@: berserking, spiked, very quick
A: sickness immunity, AC +5, negative energy resistance 1, electricity
resistance, torment resistance 1, petrification resistance
a: no special abilities


You were on level 6 of the Dungeon.
You visited 1 branch of the dungeon, and saw 6 of its levels.
You also visited: Sewer.

You collected 233 gold pieces.

Inventory:

Hand Weapons
 d - a +9 club (weapon)
 h - a +1 mace of protection
Missiles
 y - a throwing net (quivered)
Armour
 c - a +0 buckler (worn)
 j - a +0 helmet (worn)
 o - a +0 plate armour (worn)
 x - a +0 pair of boots (worn)
Wands
 b - a wand of polymorph (9)
 z - a wand of acid (7)
Scrolls
 f - 3 scrolls of amnesia
 n - a scroll of immolation {unknown}
 r - a scroll of enchant armour {unknown}
 t - a scroll of magic mapping
 v - 3 scrolls of fog {unknown}
 w - a scroll of noise {unknown}
Potions
 a - a potion of brilliance
 i - 2 potions of attraction {unknown}
 k - 4 potions of mutation
 l - 2 potions of haste {unknown}
 m - a potion of cancellation {unknown}
 q - 3 potions of curing {unknown}
 s - 2 potions of invisibility {unknown}
 u - a potion of magic {unknown}
 A - a potion of might


   Skills:
 + Level 8.5 Fighting
 - Level 6.0 Maces & Flails
 - Level 5.0 Armour
 - Level 3.0 Dodging
 - Level 4.0 Shields


You had 7 spell levels left.
You didn't know any spells.
Your spell library contained the following spells:

 Spells                   Type           Power      Damage    Failure   Level
 Freeze                   Ice            0%         1d3       100%        1
 Static Discharge         Conj/Air       0%         N/A       100%        2
 Frozen Ramparts          Ice            0%         1d2       100%        3
 Dispel Undead            Necr           0%         3d6       100%        4
 Hailstorm                Conj/Ice       0%         3d3       100%        4
 Sticky Flame             Conj/Fire      0%         2d3       100%        4
 Fireball                 Conj/Fire      0%         3d3       100%        5
 Iskenderun's Battlesphe  Conj           0%         2d6       100%        5
 Conjure Ball Lightning   Conj/Air       0%         3x3d6     100%        6
 Orb of Destruction       Conj           0%         N/A       100%        7


Dungeon Overview and Level Annotations

Branches:
Dungeon (6/15)              Sewer (visited)
 Temple: D:4-7

Altars:
Dithmenos
Yredelemnul


Innate Abilities, Weirdness & Mutations

You are immune to sickness and miasma.
Your stone body is resilient. (AC +5)
You are immune to poison.
You resist negative energy. (rN+)
You are resistant to electric shocks. (rElec)
You are resistant to unholy torment.
You are immune to petrification.


Message History

You block the volley of spikes.
The barbs in your skin will harm you if you move.
Continue?
The barbed spikes dig painfully into your body as you move.
You feel a strong urge to attack something.
You block the manticore's attack. The manticore claws you.
The manticore claws you but does no damage.
Things that are here:
a +4 trident; a +0 robe You sock the manticore!
The manticore is lightly wounded.
The manticore bites you.
The manticore claws you but does no damage.
The manticore barely misses you.
You sock the manticore!
The manticore is moderately wounded.
You barely miss the manticore.
The manticore is moderately wounded.
The manticore barely misses you. The manticore claws you.
* * * LOW HITPOINT WARNING * * *
The manticore claws you but does no damage.
You hit the manticore.
The manticore is moderately wounded.
You thump the manticore!
The manticore is severely wounded.
The manticore bites you!
* * * LOW HITPOINT WARNING * * *
The manticore claws you.
* * * LOW HITPOINT WARNING * * *
The manticore closely misses you.
You barely miss the manticore.
The manticore is severely wounded.
The manticore bites you.
* * * LOW HITPOINT WARNING * * *
The manticore claws you but does no damage.
The manticore claws you.
* * * LOW HITPOINT WARNING * * *
You thump the manticore!
The manticore is severely wounded.
The manticore bites you.
You die...

*****,* *,* *,* *.#
*,*######.#
*,,,......#
****#.#...## #......#
#....[.#
*************#.H....#
*,,,,,,,,,,,,,,#@.)#*
*,*************##)##
*,* #.# ,,***** #.#
,,,,,,* **** #.#
*********≈≈* #.# *
**,,,* #.# * *,≈*****
#.# * *≈,*,,,***#.#


You could see a manticore.

Vanquished Creatures
  Sigmund (D:2)
  Pargi (Sewer)
  A black bear (D:5)
  2 ogres (D:5)
  A phantom (D:4)
  A kobold brigand (D:6)
  2 scorpions
  A water moccasin skeleton (D:5)
  3 wights (D:6)
  A howler monkey (D:4)
  2 hounds (D:4)
  2 orc priests (D:6)
  Jessica (D:2)
  An orc wizard (D:6)
  Robin (D:2)
  A howler monkey skeleton (D:4)
  A gnoll (D:2)
  15 adders
  2 river rats (D:4)
  A white imp (D:6)
  An adder skeleton (D:4)
  3 worms
  6 dart slugs
  7 orcs
  13 ball pythons
  4 endoplasms
  3 giant cockroaches
  15 goblins
  11 hobgoblins
  15 jackals
  4 quokkas
  5 bats
  6 frilled lizards
  11 kobolds
  4 rats (D:1)
149 creatures vanquished.

Vanquished Creatures (others)
  14 fungi (D:6)
14 creatures vanquished.

Grand Total: 163 creatures vanquished

Notes
Turn   | Place    | Note
-------+----------+-------------------------------------------
     0 | D:1      | blank1 the Gargoyle Fighter began the quest for the Orb.
     0 | D:1      | Reached XP level 1. HP: 14/14 MP: 1/1
    38 | D:1      | Reached XP level 2. HP: 19/19 MP: 2/2
   540 | D:1      | Reached XP level 3. HP: 23/23 MP: 3/3
  1137 | D:2      | Reached skill level 1 in Dodging
  1178 | D:2      | Reached XP level 4. HP: 25/29 MP: 4/4
  1317 | D:2      | Noticed Robin
  1329 | D:2      | Killed Robin
  1541 | D:2      | Reached skill level 4 in Fighting
  1541 | D:2      | Reached XP level 5. HP: 26/33 MP: 5/5
  1833 | D:2      | Noticed Jessica
  1835 | D:2      | Noticed Sigmund
  1853 | D:2      | Killed Sigmund
  1854 | D:2      | Reached XP level 6. HP: 20/39 MP: 6/6
  1858 | D:2      | Killed Jessica
  2519 | D:3      | Found a faded altar of an unknown god.
  2754 | D:4      | Reached skill level 5 in Fighting
  2754 | D:4      | Reached skill level 5 in Maces & Flails
  2754 | D:4      | Reached XP level 7. HP: 36/44 MP: 7/7
  2922 | D:4      | Found a glowing drain.
  2926 | Sewer    | Entered a sewer
  2963 | Sewer    | Noticed Pargi
  2979 | Sewer    | Killed Pargi
  2980 | Sewer    | Reached skill level 6 in Fighting
  3567 | D:5      | Entered Level 5 of the Dungeon
  3595 | D:4      | Reached skill level 7 in Fighting
  3770 | D:5      | Reached XP level 8. HP: 23/53 MP: 8/8
  4063 | D:5      | Found a shadowy altar of Dithmenos.
  4248 | D:5      | Found a basalt altar of Yredelemnul.
  4391 | D:5      | Reached skill level 5 in Armour
  5418 | D:6      | Noticed a manticore
  5448 | D:6      | Reached skill level 8 in Fighting
  5475 | D:6      | Slain by a manticore

Illustrated notes

Levels and vault maps discovered:
D:1:      amcnicky_arrival_underground_garden, layout_loops_corners
D:2:      layout_basic, minmay_tall_x, uniq_robin, uniq_sigmund, uniq_jessica
D:3:      layout_rooms, basic_ecumenical_altar
D:4:      layout_cave_pools, gup_sewer_entry_spiral
D:5:      minmay_spotlight, layout_basic,
          nicolae_dithmenos_through_a_glass_darkly, yredelemnul_altar_generic,
          serial_glass, glass_columns_a, glass_columns_a, grunt_ministairs_7
D:6:      layout_loops_ring, serial_aquarium, aquarium_bridge_square
          [aquarium_subvault_bridge, aquarium_subvault_wall,
          aquarium_subvault_wall, aquarium_subvault_bridge],
          aquarium_bridge_long_separate [aquarium_subvault_bridge,
          aquarium_subvault_bridge, aquarium_subvault_balcony,
          aquarium_subvault_balcony, aquarium_subvault_bridge,
          aquarium_subvault_bridge], aquarium_window_1, aquarium_window_corner,
          aquarium_window_1, aquarium_view_2b, aquarium_view_2a,
          aquarium_balcony_5a

Skill      XL: |  1  2  3  4  5  6  7  8 |
---------------+-------------------------+-----
Dodging        | 1 2 3 |  3.0
Armour         | 4 5 |  5.0
Fighting       | 4 5 7 8 |  8.5
Shields        | 4 |  4.0
Maces & Flails | 4 5 6 |  6.0

Action                   |  1- 3 |  4- 6 |  7- 9 || total
-------------------------+-------+-------+-------++-------
Melee: Flail             |    92 |       |       ||    92
       Mace              |    24 |    95 |       ||   119
       Club              |       |    79 |   225 ||   304
  Use: Potion            |       |     1 |     5 ||     6
       Scroll            |       |     5 |     5 ||    10
Armor: Scale mail        |    67 |    74 |       ||   141
       Plate armour      |       |    76 |   138 ||   214
Dodge: Dodged            |    60 |    78 |    86 ||   224
Block: Buckler           |    36 |    51 |    43 ||   130

Table legend: (Time is in decaauts)
 A = Elapsed time spent in this place.
 B = Non-inter-level travel time spent in this place.
 C = Inter-level travel time spent in this place.
 D = Time resting spent in this place.
 E = Time spent auto-exploring this place.
 F = Levels seen in this place.
 G = Mean time per level.
                   A        B        C        D        E       F      G
               +--------+--------+--------+--------+--------+-----+--------+
         Total |   5633 |   5469 |    164 |    450 |   3608 |   7 |  804.7 |
       Dungeon |   5372 |   5208 |    164 |    450 |   3436 |   6 |  895.3 |
         Sewer |    261 |    261 |      0 |      0 |    172 |   1 |  261.0 |
               +--------+--------+--------+--------+--------+-----+--------+

Top non-repeatable levels by time:
     D:1: 1148 daAuts
     D:5: 1121 daAuts
     D:2: 1026 daAuts
     D:4: 848 daAuts
     D:6: 679 daAuts
     D:3: 548 daAuts
   Sewer: 261 daAuts
